 Dungeon Crawl Stone Soup version 0.21-a0-356-g45b0a09 (webtiles) character file.

150 Hook the Twirler (level 5, -1/40 HPs)
             Began as a Demonspawn Gladiator on Sept 11, 2017.
             Was an Initiate of Makhleb.
             Slain by an orc warrior
             ... wielding a +0 halberd
              (21 damage)
             ... on level 3 of the Dungeon on Oct 12, 2017.
             The game lasted 00:06:46 (2971 turns).

Hook the Twirler (Demonspawn Gladiator)             Turns: 2971, Time: 00:06:47

Health: -1/40      AC:  4    Str: 16    XL:     5   Next: 10%
Magic:  0/5        EV: 13    Int:  9    God:    Makhleb [......]
Gold:   136        SH:  0    Dex: 14    Spells: 4/4 levels left

rFire    . . .     SeeInvis .   a - +0 quarterstaff
rCold    . . .     Gourm    .   (shield currently unavailable)
rNeg     . . .     Faith    .   b - +0 leather armour
rPois    .         Spirit   +   c - +0 helmet
rElec    .         Reflect  .   (no cloak)
rCorr    .         Harm     .   (no gloves)
MR       .....                  (no boots)
Stlth    ++........             (no amulet)
HPRegen  0.13/turn              (no ring)
MPRegen  0.09/turn              (no ring)

@: no status effects
A: hooves 1, nightstalker 1, magic shield
a: Renounce Religion


You were on level 3 of the Dungeon.
You worshipped Makhleb.
Makhleb was noncommittal.
You were not hungry.

You visited 1 branch of the dungeon, and saw 3 of its levels.

You collected 136 gold pieces.

Inventory:

Hand Weapons
 a - a +0 quarterstaff (weapon)
Missiles
 d - 2 throwing nets (quivered)
Armour
 b - a +0 leather armour (worn)
 c - a +0 helmet (worn)
 j - a -1 robe
Scrolls
 l - a scroll of fog {unknown}
Potions
 e - 2 potions of agility
 g - a potion of heal wounds {unknown}
 i - a potion of invisibility {unknown}
 k - 2 potions of curing {unknown}
Comestibles
 f - 3 bread rations
 h - 2 royal jellies
 m - 2 meat rations


   Skills:
 * Level 2.8 Fighting
 + Level 3.7 Staves
 + Level 1.8 Throwing
 + Level 1.0 Armour
 * Level 3.7 Dodging
 + Level 1.0 Stealth


You had 4 spell levels left.
You didn't know any spells.

Dungeon Overview and Level Annotations

Branches:
Dungeon (3/15)

Altars:
Cheibriados
Fedhas
Makhleb
Xom
Zin


Innate Abilities, Weirdness & Mutations

You have large cloven feet.
You are slightly more attuned to the shadows.
When hurt, damage is shared between your health and your magic reserves.


Message History

A goblin comes into view.
You barely miss the orc warrior.
The goblin shouts!
Your kick misses the orc warrior. The orc closely misses you.
The orc warrior hits you with a halberd.
The orc completely misses you.
You hit the orc warrior. Your kick misses the orc warrior.
The orc warrior is lightly wounded.
The orc hits you. The orc warrior barely misses you. The orc misses you. x2
You barely miss the orc warrior.
The orc warrior is lightly wounded.
The orc barely misses you.
The orc warrior hits you but does no damage.
The orc closely misses you.
You hit the orc warrior but do no damage.
The orc warrior is lightly wounded.
The orc hits you. The orc closely misses you.
The orc warrior hits you with a halberd!!
Ouch! That really hurt!
You die...

#................
#####.####.........#)
...#.# #.......#.#<
####.#.# ......##.#.#[
#......#.#####.##.#.#.
#.....<..... #.##.#)#.
#...)###.### #.##...#.
#........### #.###....
#...o@...... #.###.##.
#...goo.######..o.....
#..............ยง....#.
#######.###########.#.
#.# .#. .. .#. .. .#


You could see an orc warrior, 2 orcs and a goblin.

Vanquished Creatures
  An orc wizard (D:3)
  3 adders
  An ooze (D:1)
  3 worms (D:2)
  3 dart slugs
  5 leopard geckos
  An orc (D:3)
  2 giant cockroaches
  5 goblins
  7 hobgoblins
  10 jackals
  2 quokkas
  6 bats (D:1)
  3 frilled lizards
  9 kobolds
  5 rats
66 creatures vanquished.

Notes
Turn   | Place    | Note
-------+----------+-------------------------------------------
     0 | D:1      | Hook the Demonspawn Gladiator began the quest for the Orb.
     0 | D:1      | Reached XP level 1. HP: 16/16 MP: 1/1
    87 | D:1      | Gained mutation: You have large cloven feet. [demonic ancestry]
    87 | D:1      | Reached XP level 2. HP: 19/22 MP: 2/2
   322 | D:1      | Gained mutation: You are slightly more attuned to the shadows. [demonic ancestry]
   322 | D:1      | Reached XP level 3. HP: 27/27 MP: 3/3
  1413 | D:2      | Found a burning altar of Makhleb.
  1417 | D:2      | Became a worshipper of Makhleb the Destroyer
  1695 | D:2      | HP: 1/28 [worm (9)]
  1696 | D:2      | Gained mutation: When hurt, damage is shared between your health and your magic reserves. [demonic ancestry]
  1696 | D:2      | Reached XP level 4. HP: 1/34 MP: 4/4
  1748 | D:2      | Found a shimmering altar of Xom.
  2501 | D:2      | Found a glowing silver altar of Zin.
  2501 | D:2      | Found a blossoming altar of Fedhas.
  2606 | D:2      | Upgraded the game from 0.21-a0-265-gb353147 to 0.21-a0-356-g45b0a09
  2650 | D:3      | Found a snail-covered altar of Cheibriados.
  2714 | D:3      | Noticed an orc warrior
  2736 | D:3      | Reached skill level 1 in Stealth
  2913 | D:3      | Reached XP level 5. HP: 39/39 MP: 5/5
  2959 | D:3      | Reached skill level 1 in Armour
  2971 | D:3      | Slain by an orc warrior

Vault maps used:
D:1:      minmay_arrival_plants_in_alcoves, minmay_pentomino_q4
D:2:      xom_teletrap_fun, overflow_temple_1_default,
          gammafunk_temple_overflow_elements, nrook_loot_triangle
D:3:      old_standard_altar

Skill      XL: |  1  2  3  4  5 |
---------------+----------------+-----
Dodging        | 3 |  3.7
Staves         | 3 |  3.7
Stealth        | 1 |  1.0
Armour         | 1 |  1.0
Fighting       | |  2.8
Throwing       | |  1.8

Action                   |  1- 3 |  4- 6 || total
-------------------------+-------+-------++-------
Melee: Quarterstaff      |   135 |    63 ||   198
       Kick              |    24 |    13 ||    37
Throw: Throwing net      |       |     1 ||     1
  Use: Scroll            |     2 |       ||     2
 Stab: Sleeping          |     4 |     3 ||     7
  Eat: Chunk             |     2 |     1 ||     3
       Royal jelly       |     1 |       ||     1
       Bread ration      |       |     1 ||     1
Armor: Leather armour    |    42 |    17 ||    59
Dodge: Dodged            |   135 |    50 ||   185

Table legend:
 A = Spawn XP
 B = Non-spawn XP
 C = Spawn XP percentage of total XP
 D = Spawn monster count
 E = Non-spawn monster count
 F = Spawn count percentage of total count
 G = Total turns spent on level
                    A         B        C        D         E        F      G
               +---------+---------+-------+---------+---------+-------+---------
         Total |       0 |     215 |   0.0 |       0 |      66 |   0.0 |  2971
               +---------+---------+-------+---------+---------+-------+---------
           D:1 |       0 |      69 |   0.0 |       0 |      33 |   0.0 |  1315
           D:2 |       0 |      76 |   0.0 |       0 |      22 |   0.0 |  1479
           D:3 |       0 |      70 |   0.0 |       0 |      11 |   0.0 |   177
               +---------+---------+-------+---------+---------+-------+---------
